 Dungeon Crawl Stone Soup version 0.27-a0-1060-gcb85b5eba1 (webtiles) character file.

Game seed: 8782342066067275463

557 oldmanjim the Ruffian (level 7, 0/60 HPs)
             Began as a Troll Warper on Apr 22, 2021.
             Was a Believer of Okawaru.
             Shot with a bolt by a kobold (9 damage)
             ... in a sewer.
             The game lasted 00:14:48 (3097 turns).

oldmanjim the Ruffian (Troll Warper)                Turns: 3097, Time: 00:14:48

Health: 0/60       AC:  4    Str: 20    XL:     7   Next: 9%
Magic:  7/7        EV: 10    Int: 11    God:    Okawaru [**....]
Gold:   208        SH:  0    Dex:  9    Spells: 8/8 levels left

rFire    . . .     SeeInvis .     - Unarmed
rCold    + + .     Faith    .   (no shield)
rNeg     . . .     Spirit   .   a - +0 robe
rPois    .         Reflect  .   (helmet restricted)
rElec    .         Harm     .   (no cloak)
rCorr    .         Rampage  .   (gloves unavailable)
Will     .....                  (boots unavailable)
Stlth    +.........             (no amulet)
HPRegen  1.20/turn              k - ring of protection from cold
MPRegen  0.10/turn              (no ring)

@: lethally poisoned (0 -> -2), slowed, very slow
A: large, unfitting armour, claws 3, regeneration 1, shaggy fur 1, tough skin 1,
cold resistance 1, frail 1
a: Renounce Religion, Heroism


You were in a sewer.
You worshipped Okawaru.
Okawaru was pleased with you.
You visited 1 branch of the dungeon, and saw 5 of its levels.
You also visited: Sewer.

You collected 208 gold pieces.

Inventory:

Missiles
 d - 5 boomerangs of dispersal
 o - 8 poisoned darts (quivered)
 q - 2 large rocks
Armour
 a - a +0 robe (worn)
Magical Staves
 j - a staff of fire
Jewellery
 k - a ring of protection from cold (left claw)
Wands
 s - a wand of mindburst (8)
Scrolls
 b - a scroll of fog {unknown}
 c - a scroll of blinking
 g - a scroll of immolation {unknown}
 h - 3 scrolls of identify {unknown}
 m - a scroll of summoning {unknown}
 p - a scroll of teleportation {unknown}
 t - a scroll of fear {unknown}
Potions
 e - 2 potions of berserk rage {unknown}
 f - a potion of invisibility {unknown}
 i - 2 potions of flight {unknown}
 l - a potion of degeneration {unknown}
 n - a potion of mutation
 r - a potion of haste {unknown}


   Skills:
 - Level 3.0 Fighting
 - Level 0.8 Throwing
 - Level 3.0 Dodging
 + Level 5.0 Unarmed Combat
 - Level 1.2 Spellcasting
 - Level 3.0 Translocations
 + Level 2.5 Invocations


You had 8 spell levels left.
You didn't know any spells.
Your spell library contained the following spells:

 Spells                   Type           Power      Damage    Failure   Level
 Blink                    Tloc           N/A        N/A       14%         2
 Gell's Gravitas          Tloc           3%         N/A       28%         3
 Lesser Beckoning         Tloc           3%         N/A       28%         3
 Teleport Other           Tloc           7%         N/A       28%         3
 Manifold Assault         Tloc           7%         N/A       95%         5


Dungeon Overview and Level Annotations

Branches:
Dungeon (5/15)              Sewer (1/1)
 Temple: D:4-7

Altars:
Okawaru

Shops:
D:3 [


Innate Abilities, Weirdness & Mutations

You are too large for most types of armour.
You have claws for hands.
Your natural rate of healing is unusually fast.
You are covered in fur. (AC +1)
You have tough skin. (AC +1)
Your flesh is cold resistant. (rC+)
You are frail. (-10% HP)


Message History

The kobold hits you with a +0 club.
The kobold brigand hits you with a +0 whip.
The kobold hits you with a +4 whip. The kobold hits you with a +0 dagger.
The kobold barely misses you.
The kobold brigand throws a curare-tipped dart.
The curare-tipped dart closely misses you.
The kobold unwields a +4 whip.
The kobold wields a +0 hand crossbow.
The kobold shoots a bolt.
The bolt hits you.
A ball python comes into view.
The kobold throws a poisoned dart.
The poisoned dart hits you!
You are poisoned.
You feel sick.
A bat comes into view.
You feel sick.
The kobold throws a poisoned dart.
The poisoned dart barely misses you.
The kobold shoots a bolt.
The bolt barely misses you.
You claw the ball python!
You kill the ball python!
Okawaru accepts your kill.
You feel sick.
The kobold brigand throws a curare-tipped dart.
The curare-tipped dart hits you.
You are more poisoned.
You have difficulty breathing.
You feel yourself slow down.
The kobold throws a poisoned dart.
The poisoned dart closely misses you.
The kobold shoots a bolt.
The bolt hits you.
You feel very sick. The bat misses you.
The kobold brigand throws a curare-tipped dart.
The curare-tipped dart hits you.
You are more poisoned.
You have difficulty breathing.
* * * LOW HITPOINT WARNING * * *
You feel as though you will be slow longer.
The kobold shoots a bolt.
The bolt barely misses you.
It was a potion of mutation.
You feel extremely strange.
You feel frail.
You feel resistant to cold.
You feel very sick. The bat barely misses you.
The kobold shoots a bolt.
The bolt hits you!
You die...

. .. ≈P≈
################≈≈≈#
≈≈≈≈≈≈≈≈≈≈≈≈≈≈≈≈≈≈≈≈
≈≈≈≈≈≈≈≈≈≈≈≈≈≈≈≈≈≈≈≈
≈≈≈≈≈≈≈≈≈≈≈≈≈†≈≈≈≈≈≈
##'########≈≈############
...#.!.?#.≈≈≈≈K.@......P≈
.∩.#.∩..)..≈P≈≈KK.b.....≈
.∩.#?!..'...K............
####....#P...............
########..............
#.##.....####..
########## .


You could see a kobold brigand, a bat and 3 kobolds.

Vanquished Creatures
  A necrophage (D:4)
  An ogre (D:4)
  A phantom (D:2)
  A wyvern skeleton (D:3)
  A scorpion (D:4)
  A hound (D:4)
  5 adders
  3 gnolls (D:2)
  An adder skeleton (D:4)
  A dart slug (D:4)
  2 orcs
  7 bats
  6 endoplasms
  3 giant cockroaches
  5 goblins
  9 hobgoblins
  10 jackals
  13 kobolds
  2 quokkas
  8 ball pythons
  7 frilled lizards
  5 rats
93 creatures vanquished.

Vanquished Creatures (others)
  2 plants (D:3)
2 creatures vanquished.

Grand Total: 95 creatures vanquished

Notes
Turn   | Place    | Note
-------+----------+-------------------------------------------
     0 | D:1      | oldmanjim the Troll Warper began the quest for the Orb.
     0 | D:1      | Reached XP level 1. HP: 19/19 MP: 1/1
    79 | D:1      | Reached XP level 2. HP: 23/28 MP: 2/2
   102 | D:1      | Found a faded altar of an unknown god.
   109 | D:1      | Became a worshipper of Warmaster Okawaru
   109 | D:1      | Reached * piety under Okawaru
   483 | D:1      | Reached XP level 3. HP: 35/35 MP: 3/3
   704 | D:2      | Reached skill level 3 in Unarmed Combat
  1095 | D:2      | Reached XP level 4. HP: 44/44 MP: 4/4
  1111 | D:2      | Noticed a phantom
  1144 | D:2      | Killed a phantom
  1145 | D:2      | Reached XP level 5. HP: 30/53 MP: 5/5
  1280 | D:2      | Reached skill level 4 in Unarmed Combat
  1704 | D:3      | Found Ynipsy's Antique Armour Shoppe.
  2057 | D:3      | Reached ** piety under Okawaru
  2250 | D:4      | Reached skill level 1 in Invocations
  2250 | D:4      | Reached XP level 6. HP: 44/61 MP: 6/6
  2669 | D:4      | Reached XP level 7. HP: 64/67 MP: 7/7
  2685 | D:4      | Reached skill level 5 in Unarmed Combat
  2996 | D:5      | Entered Level 5 of the Dungeon
  3041 | D:5      | Found a glowing drain.
  3052 | Sewer    | Entered a sewer
  3097 | Sewer    | Gained mutation: You are frail. (-10% HP) [potion of
                  | mutation]
  3097 | Sewer    | Gained mutation: Your flesh is cold resistant. (rC+)
                  | [potion of mutation]
  3097 | Sewer    | Shot with a bolt by a kobold

Illustrated notes

Levels and vault maps discovered:
D:1:      dpeg_arrival_another_circle, layout_basic,
          ebering_ecumenical_altar_abandoned, grunt_decor_one_mirror
D:2:      layout_basic, nicolae_underground_beach
D:3:      layout_loops_ring, serial_shops, shop, lexackson_kobold_supper
D:4:      layout_cave_pools, serial_column_ruins, column_ruins_grid_3,
          column_ruins_grid_1, column_ruins_grid_1, column_ruins_open_tiny,
          column_ruins_grid_1, column_ruins_columns_corner,
          column_ruins_corridor_corner
D:5:      minmay_recursive_quarters, layout_basic, okawaru_altar_gauntlet_db,
          grunt_gozag_statues, temple_hall, portal_sewer_entry_a,
          minmay_joined_circles
Sewer:    kennysheep_pipe_town

Skill      XL: |  1  2  3  4  5  6  7 |
---------------+----------------------+-----
Fighting       | 2 3 |  3.0
Unarmed Combat | 3 4 5 |  5.0
Dodging        | 2 3 |  3.0
Invocations    | 1 2 |  2.5
Translocations | 3 |  3.0
Throwing       | |  0.8
Spellcasting   | |  1.2

Action                   |  1- 3 |  4- 6 |  7- 9 || total
-------------------------+-------+-------+-------++-------
Melee: Unarmed           |   116 |   143 |    35 ||   294
       Punch             |       |     4 |       ||     4
Throw: Dart              |       |    24 |     3 ||    27
  Use: Potion            |       |       |     1 ||     1
Armor: Robe              |    39 |    25 |    11 ||    75
Dodge: Dodged            |    68 |    58 |    29 ||   155

Table legend: (Time is in decaauts)
 A = Elapsed time spent in this place.
 B = Non-inter-level travel time spent in this place.
 C = Inter-level travel time spent in this place.
 D = Time resting spent in this place.
 E = Time spent auto-exploring this place.
 F = Levels seen in this place.
 G = Mean time per level.
                   A        B        C        D        E       F      G
               +--------+--------+--------+--------+--------+-----+--------+
         Total |   3087 |   3015 |     72 |    154 |   2143 |   6 |  514.5 |
       Dungeon |   3035 |   2963 |     72 |    152 |   2123 |   5 |  607.0 |
         Sewer |     51 |     51 |      0 |      2 |     20 |   1 |   51.0 |
               +--------+--------+--------+--------+--------+-----+--------+

Top non-repeatable levels by time:
     D:2: 888 daAuts
     D:3: 836 daAuts
     D:1: 659 daAuts
     D:4: 596 daAuts
     D:5: 55 daAuts
   Sewer: 51 daAuts
